 Dungeon Crawl Stone Soup version 0.29.1 (webtiles) character file.

Game seed: 9310899545374386069

2 Marcotte the Caller (level 1, -1/10 HPs)
             Began as a Deep Elf Summoner on Sept 14, 2022.
             Slain by a hobgoblin (4 damage)
             ... on level 1 of the Dungeon.
             The game lasted 00:00:38 (70 turns).

Marcotte the Caller (Deep Elf Summoner)               Turns: 70, Time: 00:00:39

Health: -1/10      AC:  2    Str:  5    XL:     1   Next: 33%
Magic:  5/6        EV: 12    Int: 19    God:
Gold:   0          SH:  0    Dex: 15    Spells: 5/6 levels left

rFire   . . .      SeeInvis .   (no weapon)
rCold   . . .      Faith    .   (no shield)
rNeg    . . .      Spirit   .   a - +0 robe
rPois   .          Reflect  .   (no helmet)
rElec   .          Harm     .   (no cloak)
rCorr   .          Rampage  .   (no gloves)
Will    .....                   (no boots)
Stlth   ++........              (no amulet)
HPRegen 0.03/turn               (no ring)
MPRegen 0.10/turn               (no ring)

@: no status effects
A: no striking features
a: no special abilities


You were on level 1 of the Dungeon.
You visited 1 branch of the dungeon, and saw 1 of its levels.

Inventory:

Armour
 a - a +0 robe (worn)
Potions
 b - a potion of magic


   Skills:
 + Level 2.4 Dodging
 + Level 2.4 Stealth
 + Level 3.0 Spellcasting
 + Level 4.5 Summonings


You had 5 spell levels left.
You knew the following spells:

 Your Spells              Type           Power      Damage    Failure   Level
a - Summon Small Mammal   Summ           80%        N/A       2%          1

Your spell library contained the following spells:

 Spells                   Type           Power      Damage    Failure   Level
 Call Imp                 Summ           20%        N/A       3%          2
 Call Canine Familiar     Summ           20%        N/A       7%          3
 Summon Guardian Golem    Hex/Summ       11%        N/A       19%         3
 Summon Lightning Spire   Summ/Air       11%        N/A       52%         4


Dungeon Overview and Level Annotations

Branches:
Dungeon (1/15)

Altars:


Message History

You swap places.
Your rat disappears in a puff of smoke!
A ball python comes into view.
Casting: Summon Small Mammal (safe; 2% risk of failure)
Confirm with . or Enter, or press ? or * to list all spells.
You swap places.
The ball python hisses angrily.
A bat comes into view.
Found a stone staircase leading down.
The ball python misses you. x2
The ball python closely misses you. x2
The ball python closely misses you. The ball python barely misses you.
The ball python attacks as you move away!
The ball python bites you. The ball python misses you.
Your quokka barely misses the ball python.
Your quokka bites the ball python.
The ball python dies!
Found a whip.
A kobold comes into view. It is wielding a +0 short sword.
The bat closely misses you.
A hobgoblin comes into view.
The bat hits you but does no damage.
Your quokka closely misses the bat.
The bat hits your quokka.
The hobgoblin shouts!
The bat closely misses you. The bat hits you but does no damage.
Your quokka bites the bat.
The bat closely misses you.
Your quokka bites the bat.
The bat dies!
The kobold shouts!
The kobold hits you but does no damage.
Casting: Summon Small Mammal (safe; 2% risk of failure)
Confirm with . or Enter, or press ? or * to list all spells.
The kobold closely misses you.
The kobold hits you with a +0 short sword.
The kobold attacks as you move away!
The kobold hits you with a +0 short sword.
* * * LOW HITPOINT WARNING * * *
Your quokka disappears in a puff of smoke!
Your quokka misses the kobold. The hobgoblin attacks as you move away!
The hobgoblin hits you.
You die...

.. ... .# #.
...#.##.#
#..#.#...#.#
####..#.#>..#.#
..).....#...#.##
#...........#
#...........#
##...§.g....#
#.#.#K@.#.##
#.#.....†.####
#....r.......#
######.#..##.#######
#..............
###.#.#.#######
#.....# ###.### #.#


You could see a hobgoblin, a kobold (ally target) and a friendly quokka
(summoned).

Vanquished Creatures (collateral kills)
  A ball python (D:1)
  A bat (D:1)
  A rat (D:1)
3 creatures vanquished.

Notes
Turn   | Place    | Note
-------+----------+-------------------------------------------
     0 | D:1      | Marcotte the Deep Elf Summoner began the quest for the Orb.
     0 | D:1      | Reached XP level 1. HP: 10/10 MP: 6/6
    70 | D:1      | Slain by a hobgoblin

Illustrated notes

Levels and vault maps discovered:
D:1:      heliophobic_arrival_battle_scene, layout_loops_ring, serial_shops,
          nicolae_square_shop

Action                   || total
-------------------------++-------
Melee: Unarmed           ||     1
 Cast: Summon Small Mamm ||     3
 Stab: Sleeping          ||     1
Armor: Robe              ||     3
Dodge: Dodged            ||    11
